 Dungeon Crawl Stone Soup version 0.18.1-50-g88ac8fd (webtiles) character file.

37881 magog001 the Peltast (level 13, 0/193 HPs)
             Began as a Minotaur Fighter on July 14, 2018.
             Was the Champion of Nemelex Xobeh.
             Slain by a ten-headed hydra (1 damage)
             ... on level 6 of the Lair of Beasts.
             The game lasted 01:27:40 (16618 turns).

magog001 the Peltast (Minotaur Fighter)            Turns: 16618, Time: 01:27:41

Health: 0/193      AC: 26    Str: 30 (33) XL:     13   Next: 60%
Magic:  12/12      EV:  2    Int:  6 (7)  God:    Nemelex Xobeh [******]
Gold:   446        SH: 24    Dex: 10      Spells: 0 memorised, 12 levels left

rFire  . . .     SeeInvis .     a - +8 war axe (freeze)
rCold  . . .     Gourm    .     (armour currently unavailable)
rNeg   + + +     Faith    .     w - +2 large shield
rPois  +         Spirit   .     (helmet currently unavailable)
rElec  .         Dismiss  .     (cloak currently unavailable)
rCorr  .         Reflect  .     (gloves currently unavailable)
SustAt .         Harm     .     (boots currently unavailable)
MR     .....     NoTele   +     (no amulet)
Stlth  ++........               S - +4 ring of strength
                                J - +3 ring of strength

@: tree-form, cleaving, not resistant to hostile enchantments, unstealthy
A: (retaliatory headbutt), (horns 0), clever 1, deterioration 1, robust 1,
(shaggy fur 0)
a: Triple Draw, Deal Four, Stack Five, Renounce Religion


You were on level 6 of the Lair of Beasts.
You worshipped Nemelex Xobeh.
Nemelex Xobeh was exalted by your worship.
You were not hungry.
You were a tree.
You visited 2 branches of the dungeon, and saw 17 of its levels.
You also visited: Ossuary and Volcano.

You collected 1142 gold pieces.
You spent 628 gold pieces at shops.

Inventory:

Hand Weapons
 a - a +8 war axe of freezing (weapon)
 y - a +0 hunting sling
Missiles
 e - 178 sling bullets
 u - 6 tomahawks (quivered)
Armour
 l - a +0 pair of gloves (melded)
 t - the +4 ring mail of the Boiling Point (melded) {Int+2 Dex+3}
   (You found it on level 3 of the Lair of Beasts)

   It affects your intelligence (+2).
   It affects your dexterity (+3).
 w - a +2 large shield (worn)
 F - a +2 hat (melded)
 W - a +2 cloak of invisibility (melded)
Jewellery
 m - an uncursed ring of see invisible
 J - a +3 ring of strength (left branch)
 K - an uncursed ring of flight
 S - a +4 ring of strength (right branch)
Wands
 c - a wand of lightning (8/15)
 D - a wand of lightning (7/15)
 N - a wand of disintegration (9/24)
 Q - a wand of acid (11/15)
Scrolls
 h - 5 scrolls of fear
 k - 9 scrolls of identify
 v - a scroll of recharging
 x - 6 scrolls of remove curse
 A - a scroll of enchant weapon
 G - 4 scrolls of teleportation
 H - 3 scrolls of blinking
 L - 2 scrolls of magic mapping
Potions
 d - 4 potions of might
 g - 3 potions of cancellation
 i - a potion of berserk rage
 n - a potion of ambrosia
 p - 4 potions of lignification
 r - 6 potions of curing
 B - 3 potions of haste
 C - 2 potions of agility
 Y - 2 potions of brilliance
Miscellaneous
 b - an ornate deck of war
 q - an ornate deck of escape
 I - an ornate deck of destruction
 M - a legendary deck of escape {drawn: 1}
 P - a legendary deck of destruction
 R - a legendary deck of war {drawn: 2}
 T - an ornate deck of destruction {drawn: 5}
 U - a legendary deck of escape
 V - a legendary deck of war {drawn: 1}
 X - an ornate deck of escape
 Z - a legendary deck of war
Comestibles
 f - 16 bread rations
 j - 3 slices of pizza
 s - 5 beef jerkies
 z - 2 royal jellies
 E - 2 fruits
 O - 2 meat rations


   Skills:
 * Level 12.3 Fighting
 * Level 14.6 Axes
   Level 0.8(9.8) Polearms
 * Level 12.2 Armour
 + Level 1.7 Stealth
 * Level 16.3 Shields
 + Level 1.0 Evocations


You had 12 spell levels left.
You didn't know any spells.

Dungeon Overview and Level Annotations

Branches:
Dungeon (10/15)            Temple (0/1) D:5            Lair (7/8) D:10
 Shoals (0/4) Lair:5        Snake (0/4) Lair:4
  Slime: Lair:6-8       Orc: D:9-12

Altars:
Dithmenos
Elyvilon
Gozag
Nemelex Xobeh
Okawaru
Pakellas
Trog
Xom
Zin

Shops:
D:7 [   D:9 !   D:10 ?


Innate Abilities, Weirdness & Mutations

((You reflexively headbutt those who attack you in melee.))
((You have a pair of horns on your head.))
Your mind is acute. (Int +2)
Your body sometimes deteriorates upon taking damage.
You are robust (+10% HP).
((You are covered in fur (AC +1).))


Message History

You draw a card...
It is the Blade.
Your +8 war axe of freezing looks sharp (like it always does).
You block the 11-headed hydra's attack.
The 11-headed hydra bites you but does no damage. x2
You block the 11-headed hydra's attack. The 11-headed hydra bites you.
* * * LOW HITPOINT WARNING * * *
The 11-headed hydra bites you but does no damage.
The 11-headed hydra bites you.
* * * LOW HITPOINT WARNING * * *
You block the 11-headed hydra's attack. x2; The 11-headed hydra bites you.
* * * LOW HITPOINT WARNING * * *
The 11-headed hydra bites you but does no damage.
The ten-headed hydra bites you.
* * * LOW HITPOINT WARNING * * *
The ten-headed hydra bites you.
* * * LOW HITPOINT WARNING * * *
The ten-headed hydra bites you but does no damage. x2
The ten-headed hydra bites you.
You die...
Your body glows with a rainbow of weird colours and disappears.

†#.#.##.....................}....
.#####.#..#.#.#.#.#.#.#.#.#......
.## ##...........................
..###..^..#.#.#.#.#.#.#.#.#..)...
.....#.#.........................
....##....#.#.#.#.#.#.#.#.##.#...
......#.......÷>÷..†........###..
..........#.#.#D#.#.#.#.#.#####..
...............D♣..........###...
..........#.#.#.#.#.#.#.#.#......
.................................
...................#.............
P..............####..............
.................#...............
##................#...P..........
#................................
P.#..............................


You could see a 11-headed hydra and a ten-headed hydra.

Vanquished Creatures
  Gastronok (Lair:2)
  Josephine (Lair:4)
  The ghost of magog001 the Blocker, a journeyman MiFi of Nemelex Xobeh (D:9)
  3 hydras
  A hell knight (Volcano)
  An unseen horror (D:10)
  Pikel (D:6)
  3 griffons
  A cyclops (D:9)
  5 elephants (Lair:6)
  6 black mambas
  14 spiny frogs
  3 rime drakes (Lair:6)
  4 komodo dragons
  3 red devils (Volcano)
  18 blink frogs
  A raiju (Lair:2)
  5 slime creatures (D:10)
  4 wraiths (Lair:4)
  21 yaks
  A basilisk (Lair:3)
  A spriggan (D:7)
  A wyvern (Lair:6)
  9 hippogriffs
  12 water moccasins
  7 porcupines
  A hell hound (Volcano)
  A black bear (Lair:2)
  A sky beast (D:10)
  6 ogres
  An ice beast (D:9)
  4 orc warriors
  2 eyes of draining (D:9)
  7 centaurs
  8 crocodiles
  3 wyvern zombies (Ossuary)
  2 elf zombies (D:7)
  A big kobold (D:8)
  A gnoll sergeant (D:8)
  16 giant frogs
  3 elf skeletons (D:7)
  4 scorpions
  A water moccasin skeleton (D:4)
  4 killer bees (D:7)
  15 wights
  3 bog bodies (Ossuary)
  A wasp zombie (D:10)
  4 centaur zombies
  7 crimson imps
  2 quasits
  5 giant frog zombies
  4 hounds
  5 jellies
  6 orc priests
  A giant frog skeleton (D:4)
  12 orc wizards
  Natasha (thrice) (D:3)
  4 iguanas
  A hell rat (D:6)
  4 worker ants
  A killer bee zombie (Ossuary)
  9 sheep
  4 hound zombies (Ossuary)
  9 mummies (Ossuary)
  A hound skeleton (D:5)
  The ghost of Amnesiac the Charlatan, a weakling VSAr (D:4)
  A howler monkey zombie (Ossuary)
  4 worker ant zombies (Ossuary)
  19 adders
  9 gnolls
  15 river rats
  3 shadow imps
  An ooze (D:4)
  3 adder zombies (Ossuary)
  3 adder skeletons
  A worm (D:2)
  2 dart slugs
  6 giant geckos
  44 orcs
  6 ball pythons
  3 bats
  5 giant cockroaches
  8 goblins
  6 hobgoblins
  8 jackals
  10 quokkas
  7 giant newts
  2 jackal skeletons (D:4)
  A jackal zombie (Ossuary)
  8 kobolds
  An orc zombie (D:7)
  A quokka zombie (Ossuary)
  21 rats
  3 fungi
  4 plants
  A withered plant (Ossuary)
502 creatures vanquished.

Vanquished Creatures (collateral kills)
  Sigmund (D:3)
  A hobgoblin (D:3)
2 creatures vanquished.

Vanquished Creatures (others)
  A slave (D:6)
  A shadow imp (D:6)
  A giant newt (D:6)
  5 rats (D:6)
  4 fungi (Lair:4)
  5 plants
17 creatures vanquished.

Grand Total: 521 creatures vanquished

Notes
Turn   | Place    | Note
--------------------------------------------------------------
     0 | D:1      | magog001 the Minotaur Fighter began the quest for the Orb.
     0 | D:1      | Reached XP level 1. HP: 19/19 MP: 0/0
   315 | D:1      | Reached XP level 2. HP: 24/27 MP: 1/1
   975 | D:2      | Found a sparkling altar of Nemelex Xobeh.
   989 | D:2      | Became a worshipper of Nemelex Xobeh the Trickster
  1014 | D:2      | Reached XP level 3. HP: 33/33 MP: 2/2
  1017 | D:2      | Reached skill level 4 in Shields
  1031 | D:2      | Found a white marble altar of Elyvilon.
  1419 | D:2      | Found an opulent altar of Gozag.
  1468 | D:2      | Received a gift from Nemelex Xobeh
  1542 | D:2      | Reached XP level 4. HP: 40/40 MP: 3/3
  2299 | D:3      | Noticed Sigmund
  2304 | D:3      | Noticed an insubstantial wisp
  2310 | D:3      | Killed Sigmund
  2310 | D:3      | Reached skill level 5 in Armour
  2310 | D:3      | Reached XP level 5. HP: 47/47 MP: 4/4
  2670 | D:3      | Noticed Natasha
  2674 | D:3      | Killed Natasha
  2674 | D:3      | Reached skill level 5 in Shields
  2674 | D:3      | Reached XP level 6. HP: 53/53 MP: 5/5
  2709 | D:3      | Noticed Natasha
  2721 | D:3      | Killed Natasha
  2943 | D:3      | Noticed Natasha
  2956 | D:3      | Killed Natasha
  3209 | D:4      | Reached * piety under Nemelex Xobeh
  3213 | D:4      | Noticed Amnesiac's ghost (weakling VSAr)
  3222 | D:4      | Killed Amnesiac's ghost
  3328 | D:4      | Reached skill level 5 in Axes
  3540 | D:4      | Received a gift from Nemelex Xobeh
  3636 | D:4      | Reached XP level 7. HP: 59/60 MP: 6/6
  4165 | D:4      | Reached skill level 5 in Fighting
  4173 | D:4      | Found an oddly glowing altar of Pakellas.
  4258 | D:5      | Entered Level 5 of the Dungeon
  4351 | D:5      | Reached ** piety under Nemelex Xobeh
  4451 | D:5      | Reached skill level 6 in Shields
  4512 | D:5      | Found an iron altar of Okawaru.
  4514 | D:5      | Found a glowing silver altar of Zin.
  4520 | D:5      | Found a shimmering altar of Xom.
  4696 | D:5      | Found a staircase to the Ecumenical Temple.
  4866 | D:5      | Reached XP level 8. HP: 69/69 MP: 7/7
  4976 | D:5      | Received a gift from Nemelex Xobeh
  5170 | D:6      | Reached skill level 7 in Shields
  5242 | D:6      | Noticed Pikel
  5257 | D:6      | Killed Pikel
  5257 | D:6      | Reached skill level 8 in Shields
  5970 | D:6      | Reached XP level 9. HP: 73/79 MP: 8/8
  6120 | D:7      | Reached *** piety under Nemelex Xobeh
  6167 | D:7      | Reached skill level 9 in Shields
  6260 | D:7      | Found a sand-covered staircase.
  6271 | Ossuary  | Entered an ossuary
  6522 | Ossuary  | Reached skill level 10 in Shields
  6809 | D:7      | Lost intelligence.
  7687 | D:7      | Reached XP level 10. HP: 90/90 MP: 9/9
  7820 | D:7      | Found Yseugan's Armour Shoppe.
  8164 | D:8      | Received a gift from Nemelex Xobeh
  8316 | D:8      | Found a shadowy altar of Dithmenos.
  8374 | D:8      | Reached skill level 11 in Shields
  8764 | D:8      | Got an iridescent bardiche
  8943 | D:8      | Identified the +10 bardiche "Toexio" {pain, Int+3} (You found it on level 8 of the Dungeon)
  9028 | D:9      | Noticed a cyclops
  9038 | D:9      | Reached skill level 10 in Axes
  9042 | D:9      | Killed a cyclops
  9381 | D:9      | Found Dekh's Distillery.
  9381 | D:9      | Noticed magog001's ghost (journeyman MiFi)
  9399 | D:9      | Killed magog001's ghost
  9399 | D:9      | Reached skill level 1 in Stealth
  9580 | D:9      | Bought a potion of curing for 45 gold pieces
  9580 | D:9      | Bought a potion of curing for 45 gold pieces
  9580 | D:9      | Bought a potion of curing for 45 gold pieces
  9659 | D:9      | Received a gift from Nemelex Xobeh
  9677 | D:9      | Found a bloodstained altar of Trog.
  9687 | D:9      | Reached **** piety under Nemelex Xobeh
 10030 | D:9      | Found a bloodstained altar of Trog.
 10262 | D:10     | Entered Level 10 of the Dungeon
 10276 | D:10     | Reached skill level 12 in Shields
 10279 | D:10     | Reached XP level 11. HP: 57/97 MP: 10/10
 10470 | D:10     | Reached skill level 10 in Armour
 10641 | D:10     | Received a gift from Nemelex Xobeh
 10675 | D:10     | Noticed an unseen horror
 10688 | D:10     | Killed an unseen horror
 10747 | D:10     | Gained mutation: You are frail (-10% HP). [mutagenic meat]
 10748 | D:10     | Lost mutation: You are frail (-10% HP). [mutagenic meat]
 10749 | D:10     | Gained mutation: Your body sometimes deteriorates upon taking damage. [mutagenic meat]
 10750 | D:10     | Gained mutation: You are covered in fur (AC +1). [mutagenic meat]
 10751 | D:10     | Gained mutation: You are robust (+10% HP). [mutagenic meat]
 10752 | D:10     | Gained mutation: Your mind is acute. (Int +2) [mutagenic meat]
 10771 | D:10     | Found Ruchoe's Magic Scroll Shop.
 10797 | D:10     | Bought a scroll of magic mapping for 45 gold pieces
 10797 | D:10     | Bought a scroll of identify for 26 gold pieces
 10797 | D:10     | Bought a scroll of enchant weapon for 97 gold pieces
 10797 | D:10     | Bought a scroll of identify for 26 gold pieces
 10797 | D:10     | Bought a scroll of brand weapon for 260 gold pieces
 10810 | D:10     | Bought a scroll of teleportation for 39 gold pieces
 10913 | D:10     | Reached skill level 10 in Fighting
 10966 | D:10     | Found a staircase to the Lair.
 11242 | D:10     | Received a gift from Nemelex Xobeh
 11453 | Lair:1   | Entered Level 1 of the Lair of Beasts
 11849 | Lair:1   | Reached skill level 13 in Shields
 12041 | Lair:1   | Got an encrusted short sword
 12042 | Lair:1   | Identified the +6 short sword of the Hierophant {flame, rF++ rC- Dex+6} (You found it on level 1 of the Lair of Beasts)
 12083 | Lair:1   | Received a gift from Nemelex Xobeh
 12215 | Lair:2   | Noticed Gastronok
 12215 | Lair:2   | Noticed a five-headed hydra
 12220 | Lair:2   | Noticed a griffon
 12220 | Lair:2   | a five-headed hydra changed into a griffon
 12227 | Lair:2   | Killed a griffon
 12230 | Lair:2   | Killed Gastronok
 12403 | Lair:2   | Noticed a griffon
 12411 | Lair:2   | Killed a griffon
 12411 | Lair:2   | Reached XP level 12. HP: 90/117 MP: 11/11
 12527 | Lair:2   | Identified a scroll of acquirement
 12558 | Lair:2   | Noticed an eight-headed hydra
 12566 | Lair:2   | Killed a ten-headed hydra
 12653 | Lair:2   | Reached ***** piety under Nemelex Xobeh
 12743 | Lair:2   | Received a gift from Nemelex Xobeh
 12968 | Lair:3   | Reached skill level 1 in Evocations
 13067 | Lair:3   | Got a slimy ring mail
 13078 | Lair:3   | Identified the +4 ring mail of the Boiling Point {Int+2 Dex+3} (You found it on level 3 of the Lair of Beasts)
 13113 | Lair:3   | Received a gift from Nemelex Xobeh
 13268 | Lair:3   | Reached skill level 14 in Shields
 13535 | Lair:4   | Found a dark tunnel.
 13541 | Volcano  | Entered a volcano
 13789 | Lair:4   | Noticed Josephine
 13803 | Lair:4   | Killed Josephine
 14020 | Lair:4   | Found a staircase to the Snake Pit.
 14061 | Lair:4   | Noticed a four-headed hydra
 14072 | Lair:4   | Killed a ten-headed hydra
 14435 | Lair:4   | Received a gift from Nemelex Xobeh
 14552 | Lair:4   | Reached skill level 15 in Shields
 14755 | Lair:5   | Reached XP level 13. HP: 127/127 MP: 12/12
 14823 | Lair:5   | Found a staircase to the Shoals.
 14862 | Lair:5   | Received a gift from Nemelex Xobeh
 15552 | Lair:6   | Received a gift from Nemelex Xobeh
 15705 | Lair:6   | Received a gift from Nemelex Xobeh
 15737 | Lair:6   | Reached ****** piety under Nemelex Xobeh
 15791 | Lair:6   | Reached skill level 16 in Shields
 15937 | Lair:6   | Received a gift from Nemelex Xobeh
 16010 | Lair:6   | Got a crude scale mail
 16021 | Lair:6   | Identified the +1 scale mail "Muez" {MR+ Dex+3 Stlth-} (You found it on level 6 of the Lair of Beasts)
 16618 | Lair:6   | HP: 4/193 [ten-headed hydra (6)]
 16618 | Lair:6   | HP: 1/193 [ten-headed hydra (3)]
 16618 | Lair:6   | Slain by a ten-headed hydra

Skill      XL: |  1  2  3  4  5  6  7  8  9 10 11 12 13 |
---------------+----------------------------------------+-----
Armour         | 4 5 6 7 8 9 11 12 | 12.2
Fighting       | 4 5 7 8 9 10 11 12 | 12.3
Shields        | 4 5 6 8 10 12 13 15 16 | 16.3
Axes           | 3 4 5 7 9 10 12 13 14 | 14.6
Stealth        | 1 |  1.7
Evocations     | 1 |  1.0
Polearms       | |  0.8

Action                   |  1- 3 |  4- 6 |  7- 9 | 10-12 | 13-15 || total
-------------------------+-------+-------+-------+-------+-------++-------
Melee: War axe           |    88 |   117 |   501 |   574 |   184 ||  1464
       Headbutt          |     8 |    26 |    98 |   156 |    54 ||   342
       Bardiche          |       |       |       |     9 |       ||     9
Evoke: Deck              |     1 |     4 |       |     5 |     4 ||    14
       Phantom mirror    |       |       |       |     1 |       ||     1
  Use: Potion            |       |     3 |     3 |     5 |     5 ||    16
       Scroll            |       |       |    16 |    15 |     6 ||    37
  Eat: Chunk             |     2 |     5 |     8 |     7 |       ||    22
       Beef jerky        |       |     1 |       |       |       ||     1
       Royal jelly       |       |       |     1 |       |       ||     1
       Meat ration       |       |       |     1 |     4 |     1 ||     6
       Bread ration      |       |       |     1 |       |       ||     1
Armor: Scale mail        |    34 |       |       |       |       ||    34
       Chain mail        |       |    27 |       |       |       ||    27
       Plate armour      |       |    75 |   113 |   136 |       ||   324
       Ring mail         |       |       |       |    34 |    95 ||   129
       Skin              |       |       |       |       |    14 ||    14
Dodge: Dodged            |    23 |    25 |    29 |    74 |    44 ||   195
Block: Shield            |    44 |    69 |       |       |       ||   113
       Large shield      |       |    13 |   409 |   639 |   230 ||  1291
